 Dungeon Crawl Stone Soup version 0.29.0-4-gdea44cf6ec (webtiles) character file.

Game seed: 6606398982232933187

2897 qw the Cleaver (level 9, -7/57 HPs)
             Began as a Gargoyle Berserker on Sept 4, 2022.
             Was a Believer of Trog.
             Mangled by a six-headed hydra (10 damage)
             ... on level 7 of the Dungeon.
             The game lasted 00:02:17 (6969 turns).

qw the Cleaver (Gargoyle Berserker)                 Turns: 6969, Time: 00:02:17

Health: -7/57      AC: 23    Str: 25    XL:     9   Next: 77%
Magic:  9/9        EV: 12    Int:  8    God:    Trog [**....]
Gold:   566        SH:  0    Dex: 15    Spells: 8/8 levels left

rFire   . . .      SeeInvis .   b - +1 morningstar (drain)
rCold   . . .      Faith    .   (no shield)
rNeg    + . .      Spirit   .   g - +0 plate armour
rPois   inf        Reflect  .   m - +1 hat
rElec   +          Harm     .   (no cloak)
rCorr   .          Rampage  .   k - +0 pair of gloves
Will    .....                   c - +1 pair of boots
Stlth   ..........              (no amulet)
HPRegen 0.19/turn               i - +6 ring of dexterity
MPRegen 0.11/turn               s - +4 ring of evasion

@: about to teleport, on berserk cooldown, slowed, very slow
A: sickness immunity, AC +6, negative energy resistance 1, electricity
resistance, torment resistance 1, petrification resistance
a: Renounce Religion, Berserk, Trog's Hand


You were on level 7 of the Dungeon.
You worshipped Trog.
Trog was pleased with you.
You visited 1 branch of the dungeon, and saw 7 of its levels.

You collected 566 gold pieces.


Innate Abilities, Weirdness & Mutations

You are immune to sickness and miasma.
Your stone body is resilient. (AC +6)
You are immune to poison.
You resist negative energy. (rN+)
You are resistant to electric shocks. (rElec)
You are resistant to unholy torment.
You are immune to petrification.


   Skills:
 + Level 7.0 Fighting
 - Level 10.1 Axes
 - Level 6.2 Armour
 - Level 2.0 Dodging


You had 8 spell levels left.
You didn't know any spells.
Your spell library was empty.

Inventory:

Hand Weapons
 b - a +1 morningstar of draining (weapon)
 t - a +4 spectral hand axe
Armour
 c - a +1 pair of boots (worn)
 g - a +0 plate armour (worn)
 h - a +0 hat of stealth
 k - a +0 pair of gloves (worn)
 m - a +1 hat (worn)
Jewellery
 i - a +6 ring of dexterity (left hand)
 p - a ring of fire
 s - a +4 ring of evasion (right hand)
Scrolls
 a - a scroll of identify
Potions
 d - 2 potions of might
 e - a potion of mutation
 j - a potion of cancellation
 n - a potion of heal wounds {unknown}
 o - a potion of lignification {unknown}
 q - a potion of haste {unknown}
 r - a potion of invisibility {unknown}
 u - a potion of curing
 v - a potion of brilliance {unknown}

Dungeon Overview and Level Annotations

Branches:
Dungeon (7/15)             Temple (0/1) D:5

Altars:
Elyvilon
Ru
Sif Muna
Vehumet
Wu Jian
Xom
Yredelemnul

Shops:
D:1 (


Message History

The six-headed hydra closely misses you.
The six-headed hydra bites you but does no damage.
The six-headed hydra closely misses you.
The six-headed hydra bites you but does no damage. x2
You hit the six-headed hydra. You drain the six-headed hydra.
The six-headed hydra is moderately wounded.
The six-headed hydra bites you. The six-headed hydra barely misses you.
The six-headed hydra closely misses you.
The six-headed hydra bites you but does no damage. x2
The six-headed hydra bites you.
The six-headed hydra bites you but does no damage. x5
The six-headed hydra barely misses you.
You hit the six-headed hydra.
The six-headed hydra is moderately wounded.
The six-headed hydra bites you! The six-headed hydra barely misses you.
The six-headed hydra bites you but does no damage. x2
The six-headed hydra bites you. The six-headed hydra barely misses you.
The six-headed hydra bites you.
The six-headed hydra bites you but does no damage.
The six-headed hydra completely misses you.
The six-headed hydra bites you but does no damage.
The six-headed hydra barely misses you.
The six-headed hydra bites you but does no damage.
6968 ||| READING scroll of teleportation.
As you read the scroll of teleportation, it crumbles to dust.
You feel strangely unstable.
The six-headed hydra bites you but does no damage. x2
The six-headed hydra completely misses you.
The six-headed hydra bites you but does no damage. x2
The six-headed hydra closely misses you.
You puncture the six-headed hydra! You drain the six-headed hydra.
The six-headed hydra is heavily wounded.
The six-headed hydra bites you but does no damage.
The six-headed hydra misses you.
The six-headed hydra closely misses you.
The six-headed hydra bites you but does no damage. x3
The six-headed hydra closely misses you.
The six-headed hydra bites you but does no damage.
The six-headed hydra bites you!
You die...

####......###....##...#
.....######
####...##.#######
.....!......
.###..#.......#
############
#.......#......#
#####..........#
###........# ###
##.......# #
##P..######.####### .#
.#P..cD@..##..## ...
......##[.###..####
..P7
....)D##..##......#
.#P#
.#....P...........#
#### ##...#...##......#
.... #...######### ###
#####


You could see a six-headed hydra (drained) and a centaur.

Vanquished Creatures
  Grinder (D:6)
  2 trolls (D:7)
  Sigmund (D:5)
  Menkaure (D:6)
  A black bear (D:5)
  An orc warrior (D:7)
  2 ice beasts
  A sky beast (D:6)
  A necrophage (D:6)
  3 scorpions
  2 bullfrogs
  A gnoll sergeant (D:6)
  5 killer bees
  A howler monkey (D:5)
  4 jellies
  4 orc priests
  5 hounds
  4 iguanas
  Ijyb (D:3)
  2 orc wizards (D:6)
  Natasha (twice) (D:3)
  5 gnolls (D:6)
  7 adders
  A shadow imp (D:6)
  An ufetubus (D:5)
  A worm (D:2)
  10 dart slugs
  9 orcs
  7 ball pythons
  8 endoplasms
  A giant cockroach (D:1)
  8 goblins
  6 hobgoblins
  6 jackals (D:3)
  6 kobolds
  2 frilled lizards
  6 rats
129 creatures vanquished.

Vanquished Creatures (others)
  3 plants (D:7)
  4 toadstools (D:2)
7 creatures vanquished.

Grand Total: 136 creatures vanquished

Notes
Turn   | Place    | Note
-------+----------+-------------------------------------------
     0 | D:1      | qw the Gargoyle Berserker began the quest for the Orb.
     0 | D:1      | Reached XP level 1. HP: 14/14 MP: 1/1
     0 | D:1      | 0 ||| qw: Version: 0.1-a-103-gd6f5d3a
     0 | D:1      | 0 ||| qw: Game counter: 5551
     0 | D:1      | 0 ||| qw: Always use a shield: true
     0 | D:1      | 0 ||| qw: Do Orc after D:15 true
     0 | D:1      | 0 ||| qw: Do second Lair branch before Depths: true
     0 | D:1      | 0 ||| qw: Lair rune preference: random
     0 | D:1      | 0 ||| qw: Plans: Normal
     0 | D:1      | 0 ||| PLANNING D:1-11
   144 | D:1      | 144 ||| DROPPING +0 club.
   153 | D:1      | Reached skill level 3 in Axes
   240 | D:1      | 240 ||| Stepping ~*~*~tactically~*~*~ (stealth).
   244 | D:1      | Reached XP level 2. HP: 17/19 MP: 2/2
   260 | D:1      | 260 ||| Stepping ~*~*~tactically~*~*~ (stealth).
   669 | D:1      | Found Jymneste's Antique Weapon Shop.
   816 | D:1      | 816 ||| UPGRADING to +0 scale mail.
   826 | D:1      | 826 ||| DROPPING +0 animal skin.
   827 | D:1      | 827 ||| UPGRADING to +0 pair of gloves.
   832 | D:1      | 832 ||| READING 4 scrolls labelled VIPNUF PAWI.
   833 | D:1      | 833 ||| READING scroll labelled JACWAP LUODAMIT.
   834 | D:1      | 834 ||| READING scroll labelled VYBETUJ QITWI.
   835 | D:1      | 835 ||| READING 3 scrolls of identify.
   835 | D:1      | 835 ||| IDENTIFYING coppery potion
   836 | D:1      | 836 ||| READING 2 scrolls of identify.
   836 | D:1      | 836 ||| IDENTIFYING metallic puce potion
   837 | D:1      | 837 ||| DROPPING potion of magic.
   889 | D:2      | 889 ||| Stepping ~*~*~tactically~*~*~ (stealth).
   890 | D:2      | 890 ||| Stepping ~*~*~tactically~*~*~ (stealth).
   901 | D:2      | 901 ||| Stepping ~*~*~tactically~*~*~ (stealth).
   964 | D:2      | 964 ||| Stepping ~*~*~tactically~*~*~ (stealth).
   973 | D:2      | Reached XP level 3. HP: 23/23 MP: 3/3
   975 | D:2      | 975 ||| INVOKING Berserk.
  1237 | D:2      | 1237 ||| Stepping ~*~*~tactically~*~*~ (stealth).
  1238 | D:2      | 1238 ||| Stepping ~*~*~tactically~*~*~ (stealth).
  1252 | D:2      | Reached skill level 4 in Axes
  1405 | D:2      | Found a faded altar of an unknown god.
  1415 | D:2      | Reached XP level 4. HP: 25/28 MP: 4/4
  1765 | D:2      | 1765 ||| UPGRADING to +1 pair of boots.
  1770 | D:2      | 1770 ||| UPGRADING to +1 hat.
  1775 | D:2      | 1775 ||| UPGRADING to +6 ring of dexterity.
  1776 | D:2      | 1776 ||| READING scroll labelled HAZXA PICZUSA.
  1781 | D:2      | 1781 ||| READING scroll labelled VOCHEFEXTO.
  1782 | D:2      | 1782 ||| DRINKING 2 clear potions.
  1783 | D:2      | 1783 ||| READING 2 scrolls of identify.
  1783 | D:2      | 1783 ||| IDENTIFYING blue potion
  1812 | D:3      | 1812 ||| STAIRDANCE
  1846 | D:3      | 1846 ||| READING scroll of enchant weapon.
  1846 | D:3      | 1846 ||| ENCHANTING +1 hand axe.
  1906 | D:3      | Reached ** piety under Trog
  1926 | D:3      | 1926 ||| Stepping ~*~*~tactically~*~*~ (stealth).
  1961 | D:3      | 1961 ||| Stepping ~*~*~tactically~*~*~ (stealth).
  2339 | D:3      | Noticed Ijyb
  2341 | D:3      | 2341 ||| INVOKING Berserk.
  2341 | D:3      | Paralysed by Ijyb for 5 turns
  2351 | D:3      | Killed Ijyb
  2352 | D:3      | Reached skill level 5 in Axes
  2352 | D:3      | Reached XP level 5. HP: 32/32 MP: 5/5
  2655 | D:3      | Noticed Natasha
  2657 | D:3      | 2657 ||| INVOKING Berserk.
  2658 | D:3      | Killed Natasha
  2824 | D:3      | 2824 ||| DROPPING amulet of faith.
  2825 | D:3      | 2825 ||| READING scroll labelled QIEMAV ZEODOMU.
  2826 | D:3      | 2826 ||| READING scroll labelled WUASTR QE QALO.
  2827 | D:3      | 2827 ||| READING scroll labelled KEHU RUROGH.
  2828 | D:3      | 2828 ||| DRINKING 2 ruby potions.
  2829 | D:3      | 2829 ||| DROPPING potion of attraction.
  2887 | D:4      | Found a sacrificial altar of Ru.
  2901 | D:4      | 2901 ||| Stepping ~*~*~tactically~*~*~ (hiding).
  2903 | D:4      | 2903 ||| Stepping ~*~*~tactically~*~*~ (hiding).
  2914 | D:4      | 2914 ||| Stepping ~*~*~tactically~*~*~ (stealth).
  2916 | D:4      | 2916 ||| Stepping ~*~*~tactically~*~*~ (stealth).
  2955 | D:4      | 2955 ||| Stepping ~*~*~tactically~*~*~ (water).
  2971 | D:4      | 2971 ||| FLEEEEING.
  2972 | D:4      | 2972 ||| FLEEEEING.
  2973 | D:4      | 2973 ||| STAIRDANCE
  3024 | D:3      | Noticed Natasha
  3025 | D:3      | 3025 ||| Stepping ~*~*~tactically~*~*~ (stealth).
  3026 | D:3      | 3026 ||| Stepping ~*~*~tactically~*~*~ (stealth).
  3027 | D:3      | 3027 ||| Stepping ~*~*~tactically~*~*~ (stealth).
  3034 | D:3      | 3034 ||| Stepping ~*~*~tactically~*~*~ (stealth).
  3046 | D:3      | 3046 ||| Stepping ~*~*~tactically~*~*~ (stealth).
  3048 | D:3      | 3048 ||| INVOKING Berserk.
  3051 | D:3      | Killed Natasha
  3190 | D:3      | 3190 ||| READING scroll labelled MACZOBIOZ.
  3233 | D:4      | 3233 ||| FLEEEEING.
  3235 | D:4      | 3235 ||| FLEEEEING.
  3237 | D:4      | 3237 ||| FLEEEEING.
  3240 | D:4      | 3240 ||| FLEEEEING.
  3243 | D:4      | Reached XP level 6. HP: 29/38 MP: 6/6
  3243 | D:4      | 3243 ||| FLEEEEING.
  3410 | D:4      | Found a shimmering altar of Xom.
  3412 | D:4      | Found a shimmering altar of Xom.
  3414 | D:4      | Found a shimmering altar of Xom.
  3414 | D:4      | Found a shimmering altar of Xom.
  3416 | D:4      | Found a shimmering altar of Xom.
  3416 | D:4      | Found a shimmering altar of Xom.
  3461 | D:4      | Reached skill level 6 in Axes
  3636 | D:4      | 3636 ||| INVOKING Berserk.
  3637 | D:4      | 3637 ||| INVOKING Berserk.
  3874 | D:4      | 3874 ||| Stepping ~*~*~tactically~*~*~ (stealth).
  3880 | D:4      | 3880 ||| Stepping ~*~*~tactically~*~*~ (stealth).
  3914 | D:4      | 3914 ||| Stepping ~*~*~tactically~*~*~ (hiding).
  3915 | D:4      | 3915 ||| Stepping ~*~*~tactically~*~*~ (hiding).
  4130 | D:4      | 4130 ||| UPGRADING to +4 ring of evasion.
  4131 | D:4      | 4131 ||| READING scroll labelled ULOUFR TOMUTIANT.
  4132 | D:4      | 4132 ||| READING scroll labelled BECRICKOTUKK.
  4168 | D:5      | Entered Level 5 of the Dungeon
  4200 | D:5      | Noticed a black bear
  4201 | D:5      | 4201 ||| Stepping ~*~*~tactically~*~*~ (stealth).
  4208 | D:5      | 4208 ||| INVOKING Berserk.
  4210 | D:5      | Killed a black bear
  4211 | D:5      | Reached skill level 7 in Axes
  4211 | D:5      | Reached XP level 7. HP: 43/43 MP: 7/7
  4344 | D:5      | Noticed Sigmund
  4345 | D:5      | 4345 ||| Stepping ~*~*~tactically~*~*~ (hiding).
  4349 | D:5      | 4349 ||| INVOKING Berserk.
  4351 | D:5      | Killed Sigmund
  4352 | D:5      | Reached skill level 6 in Fighting
  4651 | D:5      | Found a staircase to the Ecumenical Temple.
  4946 | D:5      | 4946 ||| READING scroll of enchant weapon.
  4946 | D:5      | 4946 ||| ENCHANTING +2 spectral hand axe.
  4994 | D:5      | 4994 ||| READING scroll labelled XUKASA SUD RAQUAC.
  5053 | D:5      | 5053 ||| READING 2 scrolls of identify.
  5053 | D:5      | 5053 ||| IDENTIFYING smoky puce potion
  5054 | D:5      | 5054 ||| DROPPING potion of flight.
  5082 | D:6      | 5082 ||| INVOKING Berserk.
  5087 | D:6      | Reached XP level 8. HP: 51/51 MP: 8/8
  5089 | D:6      | Noticed Grinder
  5092 | D:6      | Reached skill level 3 in Armour
  5095 | D:6      | 5095 ||| DRINKING potion of curing.
  5095 | D:6      | 5095 ||| (to cure confusion)
  5096 | D:6      | 5096 ||| INVOKING Trog's Hand.
  5097 | D:6      | Paralysed by Grinder for 2 turns
  5101 | D:6      | Killed Grinder
  5202 | D:6      | 5202 ||| DROPPING +0 whip.
  5215 | D:6      | Found a basalt altar of Yredelemnul.
  5215 | D:6      | Found a faded altar of an unknown god.
  5223 | D:6      | Found a shimmering blue altar of Sif Muna.
  5225 | D:6      | Found a faded altar of an unknown god.
  5227 | D:6      | Found an ornate altar of the Wu Jian Council.
  5290 | D:6      | 5290 ||| INVOKING Berserk.
  5493 | D:6      | Reached skill level 8 in Axes
  5551 | D:6      | Found a white marble altar of Elyvilon.
  5657 | D:6      | 5657 ||| Stepping ~*~*~tactically~*~*~ (stealth).
  5659 | D:6      | 5659 ||| INVOKING Berserk.
  5663 | D:6      | Reached skill level 9 in Axes
  5775 | D:6      | Noticed Menkaure
  5779 | D:6      | 5779 ||| INVOKING Berserk.
  5782 | D:6      | Killed Menkaure
  5783 | D:6      | Reached XP level 9. HP: 57/57 MP: 9/9
  5911 | D:6      | 5911 ||| READING scroll of enchant weapon.
  5911 | D:6      | 5911 ||| ENCHANTING +3 spectral hand axe.
  5953 | D:6      | Found a radiant altar of Vehumet.
  6161 | D:6      | 6161 ||| UPGRADING to +0 plate armour.
  6171 | D:6      | 6171 ||| DROPPING +0 scale mail.
  6172 | D:6      | 6172 ||| READING 3 scrolls of identify.
  6172 | D:6      | 6172 ||| IDENTIFYING fuming amethyst potion
  6173 | D:6      | 6173 ||| READING 2 scrolls of identify.
  6173 | D:6      | 6173 ||| IDENTIFYING bubbling emerald potion
  6174 | D:6      | 6174 ||| DROPPING potion of ambrosia.
  6215 | D:7      | 6215 ||| STAIRDANCE
  6229 | D:7      | 6229 ||| STAIRDANCE
  6326 | D:7      | 6326 ||| Stepping ~*~*~tactically~*~*~ (stealth).
  6328 | D:7      | 6328 ||| STAIRDANCE
  6385 | D:7      | 6385 ||| Stepping ~*~*~tactically~*~*~ (hiding).
  6389 | D:7      | 6389 ||| INVOKING Berserk.
  6397 | D:7      | 6397 ||| STAIRDANCE
  6579 | D:7      | 6579 ||| INVOKING Berserk.
  6757 | D:7      | 6757 ||| INVOKING Berserk.
  6904 | D:7      | Reached skill level 6 in Armour
  6944 | D:7      | 6944 ||| Stepping ~*~*~tactically~*~*~ (stealth).
  6945 | D:7      | Noticed a troll
  6945 | D:7      | Noticed a troll
  6946 | D:7      | 6946 ||| Stepping ~*~*~tactically~*~*~ (stealth).
  6948 | D:7      | Noticed a six-headed hydra
  6952 | D:7      | 6952 ||| INVOKING Berserk.
  6954 | D:7      | Killed a troll
  6960 | D:7      | Killed a troll
  6961 | D:7      | Reached skill level 10 in Axes
  6962 | D:7      | 6962 ||| SWAPPING to +1 morningstar of draining.
  6967 | D:7      | HP: 10/57 [six-headed hydra (11)]
  6967 | D:7      | HP: 2/57 [six-headed hydra (6)]
  6968 | D:7      | 6968 ||| READING scroll of teleportation.
  6969 | D:7      | Mangled by a six-headed hydra

Levels and vault maps discovered:
D:1:      saegor_arrival_under_anarchy, layout_loops_ring, serial_shops,
          shop_fountains
D:2:      layout_basic, ebering_ecumenical_altar_webs, minmay_gold_behind_fungi,
          kennysheep_generic_room_10
D:3:      layout_loops_ring, grunt_ministairs_10, uniq_natasha, uniq_ijyb
D:4:      kennysheep_slugbush, layout_basic, xom_redecorated,
          mainiacjoe_overflow_tiny_flanked, kennysheep_generic_room_8
D:5:      layout_loops_ring, temple_statues, uniq_sigmund
D:6:      layout_basic, nicolae_overflow_crystal_walls, kennysheep_mini,
          chequers_temple_overflow_minitemple, uniq_menkaure, uniq_grinder
D:7:      kennysheep_big_flooded_room, layout_rooms,
          hellmonk_guarded_unrand_vines

Skill      XL: |  1  2  3  4  5  6  7  8  9 |
---------------+----------------------------+-----
Axes           | 3 4 5 7 9 10 | 10.1
Fighting       | 4 6 7 |  7.0
Dodging        | 2 |  2.0
Armour         | 3 6 |  6.2

Action                   |  1- 3 |  4- 6 |  7- 9 || total
-------------------------+-------+-------+-------++-------
Melee: Hand axe          |    67 |   138 |   137 ||   342
       Punch             |       |     2 |       ||     2
       Morningstar       |       |       |     6 ||     6
Invok: Berserk           |     1 |     5 |     9 ||    15
       Trog's Hand       |       |       |     1 ||     1
  Use: Scroll            |     5 |    10 |     7 ||    22
       Potion            |       |     2 |     1 ||     3
Armor: Animal skin       |     6 |       |       ||     6
       Scale mail        |    22 |    92 |    37 ||   151
       Plate armour      |       |       |    71 ||    71
Dodge: Dodged            |    22 |    71 |   103 ||   196

Table legend:
 A = Non-vault XP
 B = Vault XP
 C = Vault XP percentage of total XP
 D = Non-vault monster count
 E = Vault monster count
 F = Vault count percentage of total count
                 A         B        C        D         E       F
            +---------+---------+-------+---------+---------+-------
      Total |    2763 |    1376 |  33.2 |     109 |      20 |  15.5
            +---------+---------+-------+---------+---------+-------
        D:1 |      16 |       0 |   0.0 |       9 |       0 |   0.0
        D:2 |      68 |       2 |   2.9 |      19 |       1 |   5.0
        D:3 |      84 |      78 |  48.1 |      21 |       4 |  16.0
        D:4 |     238 |      37 |  13.5 |      12 |      10 |  45.5
        D:5 |     372 |     210 |  36.1 |       7 |       1 |  12.5
        D:6 |    1232 |     467 |  27.5 |      25 |       2 |   7.4
        D:7 |     753 |     582 |  43.6 |      16 |       2 |  11.1
            +---------+---------+-------+---------+---------+-------
